 Dungeon Crawl Stone Soup version 0.29-a0-529-gfa20dd96a1 (webtiles) character file.

Game seed: 16682231581494297514

30 zishaf the Skirmisher (level 3, -2/38 (40) HPs)
             Began as an Ogre Cinder Acolyte on June 1, 2022.
             Was a High Priest of Ignis.
             Succumbed to Sigmund's poison
             ... on level 2 of the Dungeon.
             The game lasted 00:01:26 (1205 turns).

zishaf the Skirmisher (Ogre Cinder Acolyte)         Turns: 1205, Time: 00:01:28

HP:   -2/38 (40)    AC:  4    Str: 20    XL:     3   Next: 18%
MP:   4/4           EV:  9    Int: 15    God:    Ignis [*****.]
Gold: 44            SH:  0    Dex:  4    Spells: 4/4 levels left

rFire   + . .      SeeInvis .   a - -1 mace (flame)
rCold   . . .      Faith    .   (no shield)
rNeg    . . .      Spirit   .   b - +0 robe
rPois   .          Reflect  .   (helmet restricted)
rElec   .          Harm     .   c - +0 cloak
rCorr   .          Rampage  .   (gloves unavailable)
Will    .....                   (boots unavailable)
Stlth   +.........              (no amulet)
HPRegen 0.12/turn               (no ring)
MPRegen 0.09/turn               (no ring)

@: lethally poisoned (-2 -> -15), drained
A: large, unfitting armour, tough skin 1
a: Renounce Religion, Fiery Armour, Foxfire Swarm, Rising Flame


You were on level 2 of the Dungeon.
You worshipped Ignis.
Ignis was extremely pleased with you.
You visited 1 branch of the dungeon, and saw 2 of its levels.

You collected 44 gold pieces.

Inventory:

Hand Weapons
 a - a -1 mace of flaming (weapon)
Armour
 b - a +0 robe (worn)
 c - a +0 cloak (worn)
Scrolls
 d - a scroll of fog {unknown}
 e - a scroll of enchant armour {unknown}
 f - a scroll of immolation {unknown}
 g - a scroll of teleportation {unknown}
 h - a scroll of noise {unknown}


   Skills:
 + Level 4.7 Fighting
 * Level 3.4 Maces & Flails
 - Level 1.2 Spellcasting
 - Level 2.6 Fire Magic


You had 4 spell levels left.
You didn't know any spells.
Your spell library contained the following spells:

 Spells                   Type           Power      Damage    Failure   Level
 Scorch                   Fire           16%        2d5       12%         2
 Portal Projectile        Hex/Tloc       0%         N/A       58%         3
 Tukima's Dance           Hex            0%         N/A       58%         3
 Blade Hands              Tmut           0%         N/A       100%        5
 Dispersal                Tloc           0%         N/A       100%        6
 Disjunction              Tloc           0%         N/A       100%        8


Dungeon Overview and Level Annotations

Branches:
Dungeon (2/15)

Altars:

Annotations:
D:2 Sigmund


Innate Abilities, Weirdness & Mutations

You are too large for most types of armour.
You have tough skin. (AC +1)


Message History

h - a scroll labelled FIMALEO LIOGAH Sigmund the Dreaded comes into view.
He is wielding a +4 scythe of venom and wearing a +1 robe of willpower.
Sigmund shouts!
Found a mace.
Sigmund barely misses you.
You closely miss Sigmund. You closely miss Sigmund. Sigmund barely misses you.
You hit Sigmund. You burn Sigmund. Your punch misses Sigmund.
Sigmund is moderately wounded.
Sigmund hits you with a +4 scythe of venom.
You barely miss Sigmund.
Sigmund is moderately wounded.
Sigmund says, "Now you see me, now you don't..."
Sigmund closely misses you.
You hit Sigmund. You burn Sigmund.
Sigmund is moderately wounded.
Sigmund hits you with a +4 scythe of venom.
You are poisoned.
You hit Sigmund. You burn Sigmund.
Sigmund is heavily wounded.
You feel very sick. Sigmund closely misses you.
You hit Sigmund. You burn Sigmund.
Sigmund is severely wounded.
You feel sick.
You closely miss Sigmund.
Sigmund is severely wounded.
You feel sick.
Sigmund hits you with a +4 scythe of venom!
You are lethally poisoned!
You hit Sigmund but do no damage.
Sigmund is severely wounded.
* * * LOW HITPOINT WARNING * * *
You feel very sick. Sigmund gestures at you while chanting.
The magic dart hits you!
* * * LOW HITPOINT WARNING * * *
Activating: Foxfire Swarm
Press: ? - help, Dir - look around, f - activate Flames leap up around you!
You die... ≈≈≈≈≈≈#..# #.### ##. ≈≈≈≈≈≈≈..###.##. #..# ≈#≈#≈##........) #... ≈≈≈ #...###.### #...# ≈≈ ##..## #.### #.... ###....## #.... # .vv

........# #####
#..#v###.......#
#.v@@vv.#####.#
#######.#
###.####### #.#
#..........
#.###.#.#######
#.......# #
#.......# #
#####.### # #.#
#.#


You could see Sigmund (ally target).

Vanquished Creatures
  2 ball pythons (D:1)
  2 endoplasms (D:1)
  2 goblins (D:1)
  5 hobgoblins
  5 kobolds (D:1)
  5 bats
  2 frilled lizards (D:1)
  3 rats
26 creatures vanquished.

Notes
Turn   | Place    | Note
-------+----------+-------------------------------------------
     0 | D:1      | zishaf the Ogre Cinder Acolyte began the quest for the Orb.
     0 | D:1      | Reached XP level 1. HP: 24/24 MP: 2/2
   177 | D:1      | Reached XP level 2. HP: 26/33 MP: 3/3
   866 | D:1      | Found a faded altar of an unknown god.
   885 | D:1      | Reached XP level 3. HP: 38/38 MP: 4/4
  1192 | D:2      | Noticed Sigmund
  1204 | D:2      | HP: 1/38 [Sigmund/magic dart (8)]
  1205 | D:2      | Succumbed to Sigmund's poison

Illustrated notes

Levels and vault maps discovered:
D:1:      nzn_arrival_depleted_hourglass, layout_loops_cross,
          hellmonk_ecumenical_altar_lost_god, minmay_door_square, minmay_cut_off
D:2:      layout_loops_corners, kennysheep_decorative_pillar, minivault_4,
          uniq_sigmund

Skill      XL: |  1 |
---------------+----+-----
Maces & Flails | 3 |  3.4
Fighting       | |  4.7
Spellcasting   | |  1.2
Fire Magic     | |  2.6

Action                   || total
-------------------------++-------
Melee: Mace              ||    80
Invok: Foxfire Swarm     ||     1
Armor: Robe              ||    37
Dodge: Dodged            ||    37

Table legend: (Time is in decaauts)
 A = Elapsed time spent in this place.
 B = Non-inter-level travel time spent in this place.
 C = Inter-level travel time spent in this place.
 D = Time resting spent in this place.
 E = Time spent auto-exploring this place.
 F = Levels seen in this place.
 G = Mean time per level.
                   A        B        C        D        E       F      G
               +--------+--------+--------+--------+--------+-----+--------+
         Total |   1224 |   1202 |     22 |      0 |   1003 |   2 |  612.0 |
       Dungeon |   1224 |   1202 |     22 |      0 |   1003 |   2 |  612.0 |
               +--------+--------+--------+--------+--------+-----+--------+

Top non-repeatable levels by time:
     D:1: 1060 daAuts
     D:2: 164 daAuts
